 Dungeon Crawl Stone Soup version 0.25.1-8-g42b30a86e7 (webtiles) character file.

Game seed: 322096418995116894

112 Gabide the Poker (level 5, -1/61 HPs)
             Began as a Human Berserker on Nov 30, 2020.
             Was a Believer of Trog.
             Hit by a boomerang thrown by an orc (5 damage)
             ... on level 3 of the Dungeon.
             The game lasted 00:05:33 (2005 turns).

Gabide the Poker (Human Berserker)                  Turns: 2005, Time: 00:05:34

Health: -1/61      AC:  5    Str: 18    XL:     5   Next: 16%
Magic:  5/5        EV: 13    Int: 13    God:    Trog [**....]
Gold:   102        SH:  0    Dex: 13    Spells: 4/4 levels left

rFire    . . .     SeeInvis .   m - +0 glaive
rCold    . . .     Gourm    .   (shield currently unavailable)
rNeg     . . .     Faith    .   b - +0 animal skin
rPois    .         Spirit   .   (no helmet)
rElec    .         Reflect  .   d - +1 cloak
rCorr    .         Harm     .   (no gloves)
MR       ++...                  g - +0 pair of boots
Stlth    ..........             (no amulet)
HPRegen  0.20/turn              j - ring of stealth
MPRegen  0.09/turn              k - +6 ring of intelligence

@: berserking (expiring), very quick
A: magic resistance 2
a: Berserk, Trog's Hand, Renounce Religion


You were on level 3 of the Dungeon.
You worshipped Trog.
Trog was pleased with you.
You were not hungry.

You visited 1 branch of the dungeon, and saw 3 of its levels.

You collected 102 gold pieces.

Inventory:

Hand Weapons
 m - a +0 glaive (weapon)
Missiles
 l - 5 poisoned darts (quivered)
Armour
 b - a +0 animal skin (worn)
 d - a +1 cloak (worn)
 g - a +0 pair of boots (worn)
Jewellery
 j - a ring of stealth (left hand)
 k - a +6 ring of intelligence (right hand)
Scrolls
 e - 4 scrolls of teleportation
Potions
 f - a potion of cancellation


   Skills:
 + Level 3.6 Fighting
 * Level 4.4 Polearms
 + Level 2.0 Armour
 * Level 2.9 Dodging


You had 4 spell levels left.
You didn't know any spells.
Your spell library was empty.

Dungeon Overview and Level Annotations

Branches:
Dungeon (3/15)

Altars:
Makhleb


Innate Abilities, Weirdness & Mutations

You are highly resistant to hostile enchantments. (MR++)


Message History

You hear some strange, mumbled words.
A puff of frost appears from out of thin air!
The puff of frost hits you.
* * * LOW HITPOINT WARNING * * *
The orc throws a boomerang.
The boomerang misses you.
The weapon returns to the orc!
You miss something. Something hits you but does no damage.
You miss something.
Your skin stops crawling.
You feel less resistant to hostile enchantments.
Something barely misses you.
The orc throws a boomerang.
The boomerang hits you.
* * * LOW HITPOINT WARNING * * *
A ball python comes into view.
Something hits you but does no damage.
The orc throws a boomerang.
The weapon returns to the orc!
You hit something. Something hits you but does no damage.
You barely miss something. Something hits you but does no damage.
The orc throws a boomerang.
The boomerang hits you.
You die...

.#...##.. #.#
....#..##### #.#
#......#.... #.#
##........... #.#
#..(......... #.#
#............
...####.###............
#.......##)(........?.
######<.@{o..)........
#......###o...........
#..###### ##S..........
... ##.....#.... #
.###.## ### .o .# ..o
## .... ....


You could see 2 orcs and a ball python.

Vanquished Creatures
  An orc wizard (D:3)
  4 adders (D:2)
  An ooze (D:1)
  2 dart slugs
  2 orcs (D:3)
  2 giant cockroaches
  4 goblins
  4 hobgoblins
  3 jackals (D:3)
  A ball python (D:3)
  4 bats (D:1)
  A frilled lizard (D:2)
  5 kobolds
  7 rats (D:1)
41 creatures vanquished.

Notes
Turn   | Place    | Note
-------+----------+-------------------------------------------
     0 | D:1      | Gabide the Human Berserker began the quest for the Orb.
     0 | D:1      | Reached XP level 1. HP: 18/18 MP: 1/1
   256 | D:1      | Reached XP level 2. HP: 24/24 MP: 2/2
   563 | D:1      | Reached XP level 3. HP: 28/29 MP: 3/3
   988 | D:2      | Found a burning altar of Makhleb.
  1204 | D:2      | Reached ** piety under Trog
  1241 | D:2      | Reached XP level 4. HP: 13/35 MP: 4/4
  1249 | D:2      | Reached skill level 4 in Polearms
  1988 | D:3      | Gained mutation: You are resistant to hostile enchantments.
                  | (MR+) [potion of mutation]
  1988 | D:3      | Gained mutation: You are highly resistant to hostile
                  | enchantments. (MR++) [potion of mutation]
  1990 | D:3      | Reached XP level 5. HP: 4/41 MP: 5/5
  2005 | D:3      | Hit by a boomerang thrown by an orc

Illustrated notes

Levels and vault maps discovered:
D:1:      lightli_arrival_noodles, layout_loops_ring,
          hangedman_abyss_or_decor_stabs, minmay_pentomino_u4
D:2:      layout_basic, lemuel_round_altar, minmay_misc_feat_secret_circle,
          minmay_between
D:3:      layout_rooms, first_ration, grunt_nemelex_the_gamble

Skill      XL: |  1  2  3  4 |
---------------+-------------+-----
Polearms       | 4 |  4.4
Fighting       | |  3.6
Armour         | |  2.0
Dodging        | |  2.9

Action                   |  1- 3 |  4- 6 || total
-------------------------+-------+-------++-------
Melee: Spear             |    74 |       ||    74
       Glaive            |    21 |    47 ||    68
Throw: Dart              |       |    11 ||    11
Invok: Berserk           |       |     1 ||     1
       Trog's Hand       |       |     1 ||     1
  Use: Scroll            |     8 |     1 ||     9
       Potion            |     1 |     1 ||     2
 Stab: Sleeping          |     7 |     1 ||     8
       Distracted        |     1 |       ||     1
  Eat: Chunk             |     1 |     1 ||     2
       Ration            |       |     1 ||     1
Armor: Animal skin       |    16 |    18 ||    34
Dodge: Dodged            |    56 |    57 ||   113
